 Dungeon Crawl Stone Soup version 0.30-a0-857-gcaf70739d4 (webtiles) character file.

Game seed: 17357208799424938198

1029 ProzacElf the Ducker (level 8, -4/58 HPs)
             Began as a Djinni Hedge Wizard on Mar 5, 2023.
             Was a Follower of Fedhas.
             Slain by an ice beast (21 damage)
             ... on level 6 of the Dungeon.
             The game lasted 00:20:16 (6020 turns).

ProzacElf the Ducker (Djinni Hedge Wizard)          Turns: 6020, Time: 00:20:17

Health: -4/58      AC:  5    Str:  9    XL:     8   Next: 47%
Gold:   346        EV: 13    Int: 17    God:    Fedhas [*.....] SH:  0 Dex: 14

rFire   + + +      SeeInvis .    b - +0 long sword
rCold   x . .      Faith    .    (no shield)
rNeg    + . .      Spirit   .    q - +0 leather armour
rPois   ∞          Reflect  .    c - +0 hat
rElec   .          Rampage  .    (no cloak)
rCorr   .                        p - +1 pair of gloves
Will    .....                    (boots unavailable)
Stlth   ++                       C - amulet of regeneration
HPRegen 1.09/turn                i - ring of protection from fire
MPRegen 0.00/turn                l - ring of positive energy

@: flying, very slightly contaminated
A: sickness immunity, fire resistance 2, cold vulnerability 1, float, innate
caster, HP casting, extra vitality 1
a: Renounce Religion


You were on level 6 of the Dungeon.
You worshipped Fedhas.
Fedhas was aware of your devotion.
You visited 2 branches of the dungeon, and saw 7 of its levels.

You collected 346 gold pieces.

Inventory:

Hand Weapons
 a - a +0 dagger of venom
 b - a +0 long sword (weapon)
 d - a +0 dagger
 e - a +0 short sword
Missiles
 z - 9 poisoned darts (quivered)
Armour
 c - a +0 hat (worn)
 f - a +0 ring mail
 p - a +1 pair of gloves (worn)
 q - a +0 leather armour (worn)
 w - a +0 ring mail of fire resistance
 D - a scarf of harm
Jewellery
 i - a ring of protection from fire (left hand)
 l - a ring of positive energy (right hand)
 y - an amulet of reflection
 C - an amulet of regeneration (around neck)
Scrolls
 h - 3 scrolls of teleportation
 m - a scroll of vulnerability
 t - a scroll of magic mapping
Potions
 g - 2 potions of lignification {unknown}
 j - 4 potions of mutation
 k - 2 potions of brilliance
 n - a potion of resistance {unknown}
 o - 2 potions of attraction
 s - 6 potions of curing {unknown}
 A - 2 potions of cancellation


   Skills:
 + Level 4.0 Fighting
 - Level 5.0 Dodging
 - Level 1.5 Stealth
 - Level 5.0 Spellcasting
 + Level 4.0 Invocations


You knew the following spells:

 Your Spells              Type           Power      Damage    Failure   Level
a - Magic Dart            Conj           84%        1d7       2%          1
b - Call Imp              Summ           21%        N/A       3%          2
c - Mephitic Cloud        Conj/Pois/Air  21%        N/A       8%          3
d - Momentum Strike       Conj/Tloc      42%        3d9       3%          2
l - Passwall              Tmut/Erth      17%        N/A       3%          2
n - Beastly Appendage     Tmut           42%        N/A       2%          1
o - Blink                 Tloc           42%        N/A       3%          2
v - Slow                  Hex            84%        N/A       2%          1
Your spell library was empty.

Dungeon Overview and Level Annotations

Branches:
Dungeon (6/15)             Temple (1/1) D:6

Altars:
Ashenzari
Cheibriados
Dithmenos
Elyvilon
Fedhas
Gozag
Hepliaklqana
Makhleb
Okawaru
Qazlal
Ru
Trog
Uskayaw
Xom
Yredelemnul
Zin
The Shining One

Annotations:
D:6 Pikel


Innate Abilities, Weirdness & Mutations

You are immune to sickness and miasma.
You are immune to poison.
Your flesh is very heat resistant. (rF++)
You are vulnerable to cold. (rC-)
You float through the air rather than walking.
You learn spells naturally, not from books.
Your magical power is your life essence.
You have superior vitality. (+4 MHP)


Message History

Pikel be 'ngulfed in noxious fumes.
Ye take 2 damage, an' haf 32/58 hp.
Ye closely miss Pikel.
Ye punch Pikel, but do nay damage.
Pikel be heavily wounded.
Pikel be 'ngulfed in noxious fumes.
Pikel appears confused.
Ye regain'd 2 hp, an' now haf 34/58 hp.
Ye hit Pikel.
Pikel be heavily wounded.
Pikel hits ye wit' a +1 whip o' freezin'!
Pikel freezes ye.
Tha lemure be 'ngulfed in noxious fumes.
Tha lemure appears confused.
Tha lemure hits tha ice beast but does nay damage.
Tha lemure closely misses itself.
Tha ice beast hits ye.
Tha ice beast freezes ye!
Ye feel a terrible chill!
* * * LOW HITPOINT WARNIN'
* * * Tha lemure be struck by yer briar patch's thorns.
Tha lemure hits yer briar patch.
Ye take 18 damage, an' haf 16/58 hp.
MASSIVE DAMAGE!!
Ye hit tha ice beast but do nay damage.
Tha ice beast be almost dead.
Tha lemure hits yer briar patch but does nay damage.
Tha ice beast barely misses ye.
Tha lemure hits yer briar patch.
Pikel mumbles somethin'.
Ye regain'd 2 hp, an' now haf 18/58 hp.
Ye hit tha ice beast but do nay damage.
Tha ice beast be almost dead.
Tha lemure be struck by yer briar patch's thorns.
Tha lemure hits yer briar patch but does nay damage.
Tha lemure barely misses tha lemure.
Tha lemure be struck by yer briar patch's thorns.
Tha lemure hits yer briar patch but does nay damage.
Tha ice beast hits ye but does nay damage.
Tha ice beast hits ye.
* * * LOW HITPOINT WARNIN'
* * * Tha ice beast freezes ye!!
Ye feel a terrible chill!
Ye die...
Fedhas appreciates yer contribution ta tha ecosystem.

....≈≈≈≈≈......###.##
..≈≈≈≈≈≈≈≈≈....###.####
≈≈≈≈≈≈≈≈≈≈≈≈≈.......>.#
≈≈≈≈≈≈≈≈≈≈≈≈≈≈..##.##.#
≈≈≈≈≈(..≈≈≈≈≈≈..##.##.#
......>.≈≈≈≈≈≈..#..##.#
≈≈≈≈≈...≈≈≈≈≈≈..K..##.######.#.
≈≈≈≈≈≈≈≈≈≈≈≈≈.[....P5P.........
..≈≈≈≈≈≈≈≈≈.....@Y.55.##.......
....≈≈≈≈≈......##.##### .......
.....................# .55....
#####....######.#.##.# .......
###'## #.#.##.# ....... #.#
#.#.##.# ###...# #)# #.#.##.#
#.## ##.#######.#.##.#
##.[.#......#.##.#


You could see Pikel (confused), an ice beast (ally target) and 3 lemures.

Vanquished Creatures
  A sky beast (D:6)
  An ogre (D:5)
  A bullfrog (D:6)
  A wight (D:5)
  A howler monkey (D:5)
  2 hounds
  A jelly (D:5)
  An orc priest (D:3)
  4 orc wizards
  5 adders
  4 gnolls (D:4)
  A shadow imp (D:5)
  An ufetubus (D:5)
  2 worms
  A dart slug (D:3)
  11 orcs
  7 endoplasms
  8 giant cockroaches
  7 goblins
  2 hobgoblins
  2 jackals (D:4)
  8 kobolds
  3 quokkas
  3 ball pythons
  4 bats
  8 frilled lizards
  4 rats
94 creatures vanquished.

Vanquished Creatures (collateral kills)
  An ice beast (D:5)
  An ogre (D:4)
  A lemure (D:6)
  A scorpion (D:5)
  2 jellies (D:5)
  A worm (D:4)
7 creatures vanquished.

Grand Total: 101 creatures vanquished

Notes
Turn   | Place    | Note
-------+----------+-------------------------------------------
     0 | D:1      | ProzacElf the Djinni Hedge Wizard began the quest for the
                  | Orb.
     0 | D:1      | ProzacElf set off with the following spells memorised:
                  | Magic Dart, Slow, Blink, Call Imp, Mephitic Cloud.
     0 | D:1      | Reached XP level 1. HP: 15/15 MP: 0/0
   145 | D:1      | Reached XP level 2. HP: 19/21 MP: 0/0
   971 | D:1      | Reached XP level 3. HP: 24/25 MP: 0/0
   971 | D:1      | Learned a level 1 spell: Beastly Appendage
  1533 | D:2      | Found a faded altar of an unknown god.
  2054 | D:3      | Found an iron altar of Okawaru.
  2058 | D:3      | Found a hazy altar of Hepliaklqana.
  2063 | D:3      | Found a blossoming altar of Fedhas.
  2066 | D:3      | Found a snail-covered altar of Cheibriados.
  2069 | D:3      | Found a stormy altar of Qazlal.
  2075 | D:3      | Found a shadowy altar of Dithmenos.
  2091 | D:3      | Became a worshipper of Fedhas Madash
  2229 | D:3      | Reached XP level 4. HP: 31/31 MP: 0/0
  2985 | D:4      | Reached XP level 5. HP: 35/35 MP: 0/0
  2985 | D:4      | Learned a level 2 spell: Passwall
  3296 | D:4      | Reached * piety under Fedhas
  3624 | D:3      | Reached XP level 6. HP: 31/40 MP: 0/0
  3763 | D:4      | Noticed an ogre
  3773 | D:4      | Killed an ogre
  3774 | D:4      | Reached skill level 5 in Dodging
  3953 | D:4      | Found a white marble altar of Elyvilon.
  4120 | D:4      | Found a basalt altar of Yredelemnul.
  4165 | D:5      | Entered Level 5 of the Dungeon
  4562 | D:5      | Reached XP level 7. HP: 45/45 MP: 0/0
  4562 | D:5      | Learned a level 2 spell: Momentum Strike
  4680 | D:5      | Reached skill level 5 in Spellcasting
  4730 | D:5      | Reached skill level 1 in Fighting
  4730 | D:5      | Reached skill level 1 in Invocations
  4969 | D:5      | Reached XP level 8. HP: 55/55 MP: 0/0
  5586 | D:6      | Reached ** piety under Fedhas
  5710 | D:6      | Found a staircase to the Ecumenical Temple.
  5785 | Temple   | Entered the Ecumenical Temple
  5989 | D:6      | Noticed Pikel
  6020 | D:6      | Slain by an ice beast

Illustrated notes

Levels and vault maps discovered:
D:1:      dpeg_arrival_another_circle, layout_loops_cross
D:2:      layout_rooms, ebering_ecumenical_altar_mist
D:3:      layout_loops_ring, nicolae_overflow_hallway_of_the_gods,
          serial_co_window_serial, co_window_paths_a, co_window_corner_a,
          co_window_of_opportunity_a, co_window_paths_b, co_window_corner_a,
          co_window_2corner, co_window_cross_3, co_window_of_opportunity_b,
          co_window_corner_b, co_window_corner_b, co_window_corner_cb,
          co_window_unsneaky_path_b, co_window_paths_d, glass_columns_a,
          glass_columns_c, glass_columns_a, glass_columns_c, hex_tiny,
          minmay_circle_x
D:4:      minmay_skewed_foursquare, layout_loops_corners, kennysheep_ying_yang,
          hangedman_decor_opposing, guppyfry_early_lair_pool
D:5:      layout_loops_ring, minivault_14
D:6:      layout_loops_corners, temple_pool_b, uniq_menkaure, uniq_pikel,
          uniq_edmund
Temple:   chequers_temple_sunken

Skill      XL: |  1  2  3  4  5  6  7  8 |
---------------+-------------------------+-----
Dodging        | 3 4 5 |  5.0
Spellcasting   | 3 4 5 |  5.0
Fighting       | 2 4 |  4.0
Invocations    | 2 4 |  4.0
Stealth        | |  1.5

Action                     |  1- 3 |  4- 6 |  7- 9 || total
---------------------------+-------+-------+-------++-------
  Melee: Dagger            |    58 |   195 |    97 ||   350
         Punch             |       |     3 |     3 ||     6
         Long sword        |       |     3 |    10 ||    13
   Cast: Magic Dart        |    67 |     6 |    25 ||    98
         Call Imp          |       |     4 |     5 ||     9
         Mephitic Cloud    |       |       |     2 ||     2
         Blink             |       |       |     1 ||     1
         Momentum Strike   |       |       |     2 ||     2
 Invoke: Wall of Briars    |       |       |     1 ||     1
    Use: Scroll            |       |    13 |       ||    13
         Potion            |       |       |     1 ||     1
   Stab: Sleeping          |       |     5 |     2 ||     7
         Distracted        |       |     1 |       ||     1
         Confused          |       |       |     1 ||     1
 Armour: Robe              |    21 |       |       ||    21
         Leather armour    |     3 |    42 |    33 ||    78
  Dodge: Dodged            |    59 |   106 |    71 ||   236

Table legend: (Time is in decaauts)
 A = Elapsed time spent in this place.
 B = Non-inter-level travel time spent in this place.
 C = Inter-level travel time spent in this place.
 D = Time resting spent in this place.
 E = Time spent auto-exploring this place.
 F = Levels seen in this place.
 G = Mean time per level.
                   A        B        C        D        E       F      G
               +--------+--------+--------+--------+--------+-----+--------+
         Total |   6027 |   5825 |    202 |    934 |   3736 |   7 |  861.0 |
       Dungeon |   5846 |   5655 |    191 |    934 |   3574 |   6 |  974.3 |
        Temple |    180 |    169 |     11 |      0 |    162 |   1 |  180.0 |
               +--------+--------+--------+--------+--------+-----+--------+

Top non-repeatable levels by time:
     D:4: 1248 daAuts
     D:5: 1241 daAuts
     D:1: 1239 daAuts
     D:3: 1118 daAuts
     D:2: 629 daAuts
     D:6: 369 daAuts
  Temple: 180 daAuts
